 Dungeon Crawl Stone Soup version 0.24.0-125-gc4c63601f3 (webtiles) character file.

Game seed: 12681938022436309932, levelgen mode: deterministic

914 heoteunsoli the Stinger (level 8, -3/48 HPs)
             Began as an Octopode Venom Mage on Mar 19, 2020.
             Was an Initiate of Fedhas.
             Slain by an ice beast (10 damage)
             ... on level 5 of the Dungeon.
             The game lasted 00:18:25 (6189 turns).

heoteunsoli the Stinger (Octopode Venom Mage)       Turns: 6189, Time: 00:18:25

Health: -3/48      AC:  1    Str:  9    XL:     8   Next: 9%
Magic:  16/16      EV: 13    Int: 20    God:    Fedhas [......]
Gold:   265        SH:  3    Dex: 12    Spells: 7/17 levels left

rFire    . . .     SeeInvis .   s - +2 hand axe (chop)
rCold    . . .     Gourm    .   (no shield)
rNeg     . . .     Faith    .   (helmet restricted)
rPois    .         Spirit   .   j - +3 amulet of reflection
rElec    .         Reflect  +   v - +2 ring of strength
rCorr    .         Harm     .   (no ring)
MR       .....                  (no ring)
Stlth    ++++......             (no ring)
HPRegen  0.16/turn              (no ring)
MPRegen  0.15/turn              (no ring)
                                (no ring)
                                (no ring)

@: no status effects
A: almost no armour, stealthy swim, amphibious, 8 rings, constrict 8, camouflage
1, gelatinous body 1
a: Renounce Religion


You were on level 5 of the Dungeon.
You worshipped Fedhas.
Fedhas was noncommittal.
You were not hungry.

You visited 2 branches of the dungeon, and saw 6 of its levels.

You collected 265 gold pieces.

Inventory:

Hand Weapons
 d - a cursed -1 spear
 l - a +0 dagger
 r - a +0 scythe
 s - a +2 hand axe of chopping (weapon)
 y - the +9 hunting sling "Dathrecae" {speed, +Fly rElec rPois Int+8, unknown}
   (You found it on level 4 of the Dungeon)

   Attacks with this weapon are significantly faster.
   It affects your intelligence (+8).
   It insulates you from electricity.
   It protects you from poison.
   It lets you fly.
Missiles
 h - 16 poisoned darts
 t - 2 boomerangs (quivered)
 u - 172 stones
Jewellery
 a - an uncursed ring of fire
 f - an uncursed ring of fire
 j - a +3 amulet of reflection (around mantle)
 v - a +2 ring of strength (left tentacle)
Wands
 n - a wand of random effects (8)
 z - a wand of flame (16)
 C - a wand of polymorph (6)
Scrolls
 e - 3 scrolls of remove curse
 g - a scroll of enchant weapon
 i - 2 scrolls of identify {unknown}
 m - 3 scrolls of teleportation
 o - a scroll of random uselessness {unknown}
 w - a scroll of amnesia {unknown}
 B - a scroll of blinking {unknown}
Potions
 c - 2 potions of might
 k - 2 potions of lignification
 p - 2 potions of ambrosia {unknown}
 q - a potion of degeneration {unknown}
 x - a potion of heal wounds {unknown}
 D - a potion of curing
Comestibles
 b - 6 rations
 A - a chunk of flesh


   Skills:
 * Level 1.6 Fighting
 - Level 0.7 Short Blades
 + Level 0.3 Axes
 + Level 0.3 Throwing
 - Level 2.0 Dodging
 - Level 5.0 Stealth
 + Level 5.3 Spellcasting
 + Level 1.0 Conjurations
 - Level 2.2 Air Magic
 + Level 7.3 Poison Magic


You had 7 spell levels left.
You knew the following spells:

 Your Spells              Type           Power        Failure   Level  Hunger
a - Sting                 Conj/Pois      ###.         1%          1    None
b - Poisonous Vapours     Pois/Air       ###...       2%          2    None
c - Olgreb's Toxic Radia  Pois           ####....     5%          4    ####...
d - Mephitic Cloud        Conj/Pois/Air  ###.....     8%          3    ##.....

Your spell library contained the following spells:

 Spells                   Type           Power        Failure   Level  Hunger
 Venom Bolt               Conj/Pois      ###.......   50%         5    #####..


Dungeon Overview and Level Annotations

Branches:
Dungeon (5/15)             Temple (1/1) D:4

Altars:
Ashenzari
Cheibriados
Dithmenos
Elyvilon
Fedhas
Gozag
Hepliaklqana
Kikubaaqudgha
Makhleb
Nemelex Xobeh
Okawaru
Qazlal
Ru
Sif Muna
Trog
Uskayaw
Vehumet
Wu Jian
Xom
Zin
The Shining One

Annotations:
D:5 Ijyb


Innate Abilities, Weirdness & Mutations

You cannot wear most types of armour.
You are very stealthy in the water. (Stealth+)
You are amphibious.
You can wear up to eight rings at the same time.
You can use your tentacles to constrict eight enemies at once.
Your skin changes colour to match your surroundings (Stealth+).
Your rubbery body absorbs attacks. (AC +1, EV +1)


Message History

You closely miss the ice beast.
The ice beast is severely wounded.
You block the ice beast's attack. The ice beast closely misses you.
You hit the ice beast.
The ice beast is almost dead.
The ice beast hits you. The ice beast freezes you!
* * * LOW HITPOINT WARNING * * *
Okay, then.
Evoke which item? (* to show all) (? for menu, Esc to quit)
Okay, then.
You see here an iguana skeleton.
You see here an iguana skeleton.
You see here an iguana skeleton.
You see here an iguana skeleton.
Okay, then.
The ice beast hits you.
* * * LOW HITPOINT WARNING * * *
The ice beast freezes you!
You die...
Fedhas appreciates your contribution to the ecosystem.

#.....######
#.##.......#
#.##..####.#####
#.#.............
#.#...####.#####
##.#........#
#.......#####
#.##.##Y#########
#.##÷##@#.......#
#.##....#.......#
#.####..#..<...(#
#.####..#.......#
#.......#.......#
##....#....[....#
##..#...#.......#
#>......#.##.#.##
#...##.......#÷#


You could see an ice beast.

Vanquished Creatures
  Sigmund (D:3)
  An ogre (D:4)
  A scorpion (D:5)
  2 crimson imps (D:5)
  A centaur skeleton (D:5)
  2 hounds (D:4)
  An orc priest (D:3)
  3 orc wizards
  Terence (D:2)
  An iguana (D:5)
  Natasha (thrice) (D:2)
  2 worker ants
  3 gnolls (D:3)
  A howler monkey skeleton (D:5)
  An adder (D:3)
  2 shadow imps (D:5)
  An adder skeleton (D:4)
  A worm (D:5)
  3 dart slugs
  2 leopard geckos
  19 orcs
  2 ball pythons (D:2)
  9 bats
  4 giant cockroaches
  9 goblins
  7 hobgoblins
  12 jackals
  4 kobolds
  3 quokkas
  6 frilled lizards
  A leopard gecko skeleton (D:4)
  9 rats
118 creatures vanquished.

Notes
Turn   | Place    | Note
-------+----------+-------------------------------------------
     0 | D:1      | heoteunsoli the Octopode Venom Mage began the quest for the
                  | Orb.
     0 | D:1      | Reached XP level 1. HP: 11/11 MP: 3/3
   230 | D:1      | Found an iron altar of Okawaru.
   251 | D:1      | Reached skill level 4 in Poison Magic
   409 | D:1      | Reached XP level 2. HP: 12/17 MP: 5/5
   498 | D:1      | Learned a level 2 spell: Poisonous Vapours
  1276 | D:1      | Reached XP level 3. HP: 21/21 MP: 6/6
  1541 | D:2      | Noticed Natasha
  1550 | D:2      | Killed Natasha
  1550 | D:2      | Reached XP level 4. HP: 15/27 MP: 1/8
  1685 | D:2      | Learned a level 4 spell: Olgreb's Toxic Radiance
  1685 | D:2      | Noticed Natasha
  1692 | D:2      | Killed Natasha
  1768 | D:2      | Reached skill level 5 in Poison Magic
  1800 | D:2      | Noticed Natasha
  1803 | D:2      | Killed Natasha
  1852 | D:2      | Found a shimmering altar of Xom.
  1854 | D:2      | Found a burning altar of Makhleb.
  1854 | D:2      | Found a shadowy altar of Dithmenos.
  1858 | D:2      | Found a shattered altar of Ashenzari.
  1858 | D:2      | Found a radiant altar of Vehumet.
  1858 | D:2      | Found a shadowy altar of Dithmenos.
  1862 | D:2      | Reached XP level 5. HP: 30/32 MP: 4/9
  2201 | D:2      | Noticed Terence
  2219 | D:2      | Killed Terence
  2219 | D:2      | Reached skill level 1 in Air Magic
  2849 | D:3      | Reached XP level 6. HP: 37/37 MP: 2/11
  2999 | D:3      | Noticed Sigmund
  3026 | D:3      | Killed Sigmund
  3026 | D:3      | Reached skill level 5 in Stealth
  3161 | D:3      | Reached XP level 7. HP: 24/42 MP: 8/13
  3363 | D:3      | Reached skill level 6 in Poison Magic
  4333 | D:4      | Learned a level 3 spell: Mephitic Cloud
  4422 | D:4      | Got an iridescent hunting sling
  4795 | D:4      | Found a staircase to the Ecumenical Temple.
  4803 | Temple   | Entered the Ecumenical Temple
  5382 | Temple   | Became a worshipper of Fedhas Madash
  5436 | D:5      | Entered Level 5 of the Dungeon
  5594 | D:5      | Reached skill level 1 in Fighting
  5609 | D:5      | Reached skill level 5 in Spellcasting
  5609 | D:5      | Reached skill level 7 in Poison Magic
  5729 | D:5      | Found a sparkling altar of Nemelex Xobeh.
  5772 | D:5      | Noticed Ijyb
  5941 | D:5      | Reached XP level 8. HP: 48/48 MP: 8/15
  6189 | D:5      | Slain by an ice beast

Levels and vault maps discovered:
D:1:      evilmike_arrival_crescent, layout_loops_ring,
          okawaru_ov_weapons_minmay
D:2:      layout_loops_ring, first_ration, serial_rivers,
          chequers_serial_rivers_micro_d, chequers_serial_rivers_micro_e,
          chequers_serial_rivers_micro_e, chequers_serial_rivers_micro_b,
          doesnt_xom_only_xom, uniq_terence, uniq_natasha
D:3:      layout_loops_cross, uniq_sigmund
D:4:      layout_loops_ring, minmay_temple_entry_glassed_door
D:5:      layout_loops_cross, kennysheep_flooded_box,
          nemelex_spade_bored_becter, uniq_ijyb
Temple:   kilobyte_greek_temple

Skill      XL: |  1  2  3  4  5  6  7 |
---------------+----------------------+-----
Poison Magic   | 4 5 7 |  7.3
Stealth        | 3 4 5 |  5.0
Spellcasting   | 3 4 5 |  5.3
Air Magic      | 2 |  2.2
Fighting       | 1 |  1.6
Short Blades   | |  0.7
Axes           | |  0.3
Throwing       | |  0.3
Dodging        | |  2.0
Conjurations   | |  1.0

Action                   |  1- 3 |  4- 6 |  7- 9 || total
-------------------------+-------+-------+-------++-------
Melee: Unarmed           |    62 |       |       ||    62
       Constrict         |    22 |    12 |    18 ||    52
       Tentacles         |     7 |     8 |    12 ||    27
       Dagger            |    11 |    56 |    58 ||   125
       Hand axe          |       |       |    36 ||    36
Throw: Dart              |     1 |     1 |       ||     2
       Boomerang         |       |       |     1 ||     1
 Cast: Sting             |     4 |       |       ||     4
       Poisonous Vapours |     8 |    32 |    26 ||    66
       Olgreb's Toxic Ra |       |     2 |     3 ||     5
Evoke: Wand              |       |       |     6 ||     6
  Use: Potion            |       |     3 |       ||     3
       Scroll            |       |       |     3 ||     3
 Stab: Sleeping          |     1 |     9 |     9 ||    19
       Distracted        |       |     1 |       ||     1
  Eat: Chunk             |     2 |     7 |    10 ||    19
Armor: Skin              |    15 |     2 |     3 ||    20
Dodge: Dodged            |    72 |    41 |    58 ||   171
Block: Other             |     2 |     6 |     8 ||    16
       Reflection        |       |     1 |       ||     1
